 Dungeon Crawl Stone Soup version 0.27-a0-423-gf312af23e9 (webtiles) character file.

Game seed: 9059394169344698952

412 jasper the Sneak (level 6, 0/28 HPs)
             Began as a Spriggan Enchanter on Feb 26, 2021.
             Slain by an orc
             ... wielding a +0 dagger
              (2 damage)
             ... on level 7 of the Dungeon.
             The game lasted 00:07:11 (5631 turns).

jasper the Sneak (Spriggan Enchanter)               Turns: 5631, Time: 00:07:11

Health: 0/28       AC:  5    Str:  4    XL:     6   Next: 59%
Magic:  8/11       EV: 17    Int: 19    God:
Gold:   41         SH:  0    Dex: 15    Spells: 4/10 levels left

rFire    + . .     SeeInvis +   u - +0 dagger (pain)
rCold    + . .     Faith    .   (shield restricted)
rNeg     . . .     Spirit   .   o - +2 robe {rC+ rF+}
rPois    .         Reflect  .   (helmet restricted)
rElec    .         Harm     .   h - +0 cloak
rCorr    .         Rampage  .   (gloves unavailable)
Will     +....                  (boots unavailable)
Stlth    ++++......             (no amulet)
HPRegen  0.09/turn              (no ring)
MPRegen  0.12/turn              (no ring)

@: very quick
A: very small, unfitting armour, see invisible, speed 3
a: no special abilities


You were on level 7 of the Dungeon.
You visited 1 branch of the dungeon, and saw 6 of its levels.

You collected 223 gold pieces.
You spent 182 gold pieces at shops.

Inventory:

Hand Weapons
 a - a +1 dagger
 u - a +0 dagger of pain (weapon)
Missiles
 m - 75 bolts
Armour
 b - a +0 robe
 h - a +0 cloak (worn)
 o - a +2 robe of resistance (worn)
Jewellery
 n - a ring of resist corrosion
 w - a ring of flight
Scrolls
 e - 7 scrolls of teleportation
 f - 2 scrolls of fear {unknown}
 k - 6 scrolls of identify
 l - a scroll of amnesia {unknown}
 q - 2 scrolls of immolation {unknown}
 r - a scroll of enchant armour {unknown}
 v - a scroll of random uselessness {unknown}
 y - a scroll of fog
 z - a scroll of identify
 B - a scroll of enchant weapon {unknown}
 C - a scroll of blinking {unknown}
Potions
 c - 2 potions of haste
 d - a potion of lignification {unknown}
 g - 8 potions of curing
 i - a potion of might {unknown}
 j - 2 potions of brilliance {unknown}
 p - 2 potions of attraction {unknown}
 s - a potion of resistance {unknown}
 t - a potion of flight {unknown}
 A - a potion of heal wounds {unknown}


   Skills:
 + Level 5.2 Short Blades
 - Level 2.6 Dodging
 - Level 7.2 Stealth
 - Level 2.6 Spellcasting
 - Level 4.0 Hexes
 - Level 2.1 Ice Magic


You had 4 spell levels left.
You knew the following spells:

 Your Spells              Type           Power        Failure   Level
a - Corona                Hex            18%          3%          1
b - Ensorcelled Hibernat  Hex/Ice        28%          7%          2
c - Confusing Touch       Hex            17%          9%          3

Your spell library contained the following spells:

 Spells                   Type           Power        Failure   Level
 Tukima's Dance           Hex            17%          9%          3
 Dazzling Flash           Conj/Hex       20%          21%         3


Dungeon Overview and Level Annotations

Branches:
Dungeon (5/15)
 Temple: D:4-7

Altars:
Qazlal

Shops:
D:5 ?

Annotations:
D:7 Harold


Innate Abilities, Weirdness & Mutations

You are very small and have problems with some larger weapons.
You are too small for most types of armour.
You have supernaturally acute eyesight. (SInv)
You cover ground extremely quickly.


Message History

Aiming: Ensorcelled Hibernation (safe; 7% risk of failure)
Press: ? - help, Q - select action, (/) - cycle Shift-Dir - straight line, f - bullfrog
Aim: a bullfrog (chance to affect: 45%)
The bullfrog resists with some effort.
The bullfrog hits you but does no damage.
You now have 9/11 mp.
Aiming: Ensorcelled Hibernation (safe; 7% risk of failure)
Press: ? - help, Q - select action, (/) - cycle Shift-Dir - straight line, f/p - bullfrog
Aim: a bullfrog (chance to affect: 45%)
The bullfrog resists with some effort.
The bullfrog hits you!
You take 7 damage, and have 21/28 hp.
MASSIVE DAMAGE!!
You now have 7/11 mp.
Okay, then.
As you read the scroll of teleportation, it crumbles to dust.
You feel strangely unstable. The bullfrog completely misses you.
The meliai zombie hits you.
The meliai zombie completely misses you.
The meliai zombie hits you but does no damage.
The meliai zombie hits you. The bullfrog closely misses you.
You take 9 damage, and have 12/28 hp.
MASSIVE DAMAGE!!
The bullfrog misses you.
Your surroundings suddenly seem different.
Harold the Weathered comes into view.
He is wielding a +0 glaive.
Harold shouts!
An adder comes into view.
Found 17 gold pieces.
A necrophage and a zombie come into view.
As you read the scroll of teleportation, it crumbles to dust.
You feel strangely unstable.
Harold hits you from afar with a +0 glaive!
* * * LOW HITPOINT WARNING * * *
You take 11 damage, and have 2/28 hp.
MASSIVE DAMAGE!!
Your surroundings suddenly seem different.
You open the door. 2 orcs and 2 orc wizards come into view.
The orc shouts!
The orc wizard shouts! x2; The orc shouts!
You hear a bark!
Found 10 stones.
There is an open door here.
You hit the orc but do no damage. The orc hits you with a +0 dagger.
You die...

..(....
#...........
#..........#
#..........#
#..........#
#..........# .
#o###..Z(F....(##..
#ooo@..............
#####...........#
#.........#.
#.........#
#.........#
###########


You could see a bullfrog, 2 orc wizards, 2 orcs and a meliai zombie.

Vanquished Creatures
  A sky beast (D:7)
  A bullfrog skeleton (D:4)
  A hound (D:5)
  An orc priest (D:4)
  Jessica (D:2)
  2 worker ants
  An orc wizard (D:4)
  A hound skeleton (D:4)
  4 adders
  A worm (D:4)
  2 dart slugs
  3 leopard geckos
  9 orcs
  8 bats
  A giant cockroach (D:1)
  7 goblins
  9 hobgoblins
  3 jackals (D:4)
  A quokka (D:2)
  2 ball pythons
  2 frilled lizards
  9 kobolds
  9 rats
79 creatures vanquished.

Notes
Turn   | Place    | Note
-------+----------+-------------------------------------------
     0 | D:1      | jasper the Spriggan Enchanter began the quest for the Orb.
     0 | D:1      | Reached XP level 1. HP: 9/9 MP: 5/5
   360 | D:1      | Reached XP level 2. HP: 10/13 MP: 3/6
   380 | D:1      | Reached skill level 5 in Stealth
   391 | D:1      | Learned a level 2 spell: Ensorcelled Hibernation
  1278 | D:1      | Reached XP level 3. HP: 16/16 MP: 5/8
  1902 | D:2      | Noticed Jessica
  1911 | D:2      | Killed Jessica
  1912 | D:2      | Reached skill level 1 in Ice Magic
  1912 | D:2      | Reached XP level 4. HP: 3/21 MP: 0/9
  2275 | D:2      | You fall into a shaft and drop 2 floors!
  3534 | D:3      | Reached skill level 6 in Stealth
  4004 | D:4      | Learned a level 3 spell: Confusing Touch
  4016 | D:4      | Reached XP level 5. HP: 17/24 MP: 6/10
  4121 | D:4      | Reached skill level 7 in Stealth
  4470 | D:4      | Found a stormy altar of Qazlal.
  5113 | D:5      | Entered Level 5 of the Dungeon
  5117 | D:5      | Found Uleeh Etwe's Magic Scroll Shoppe.
  5142 | D:5      | Bought a scroll of teleportation for 42 gold pieces
  5142 | D:5      | Bought a scroll of teleportation for 42 gold pieces
  5142 | D:5      | Bought a scroll of teleportation for 42 gold pieces
  5142 | D:5      | Bought a scroll of fog for 28 gold pieces
  5142 | D:5      | Bought a scroll of identify for 28 gold pieces
  5233 | D:5      | Reached XP level 6. HP: 28/28 MP: 11/11
  5523 | D:5      | You fall into a shaft and drop 2 floors!
  5524 | D:7      | Noticed a sky beast
  5526 | D:7      | Killed a sky beast
  5527 | D:7      | Reached skill level 5 in Short Blades
  5621 | D:7      | Noticed Harold
  5631 | D:7      | Slain by an orc

Illustrated notes

Levels and vault maps discovered:
D:1:      lightli_arrival_statue_moat, layout_loops_ring, grunt_decor_clamped
D:2:      layout_basic, uniq_jessica
D:3:      layout_loops_cross, minivault_14, kennysheep_generic_room_14
D:4:      layout_loops_ring, grunt_qazlal_sundering
D:5:      layout_loops_ring, serial_shops, shop, dk_rats_in_the_wall
D:7:      layout_basic, kennysheep_diamond, uniq_harold, uniq_menkaure,
          uniq_prince_ribbit1

Skill      XL: |  1  2  3  4  5  6 |
---------------+-------------------+-----
Stealth        | 5 6 7 |  7.2
Short Blades   | 2 4 5 |  5.2
Hexes          | 4 |  4.0
Ice Magic      | 1 2 |  2.1
Dodging        | |  2.6
Spellcasting   | |  2.6

Action                   |  1- 3 |  4- 6 || total
-------------------------+-------+-------++-------
Melee: Dagger            |    97 |   118 ||   215
 Cast: Corona            |    10 |       ||    10
       Ensorcelled Hiber |    29 |    41 ||    70
       Confusing Touch   |       |     3 ||     3
  Use: Scroll            |       |     2 ||     2
       Potion            |       |     1 ||     1
 Stab: Sleeping          |    24 |    34 ||    58
       Confused          |       |     2 ||     2
Armor: Robe              |    14 |    20 ||    34
Dodge: Dodged            |    74 |    74 ||   148

Table legend: (Time is in decaauts)
 A = Elapsed time spent in this place.
 B = Non-inter-level travel time spent in this place.
 C = Inter-level travel time spent in this place.
 D = Time resting spent in this place.
 E = Time spent auto-exploring this place.
 F = Levels seen in this place.
 G = Mean time per level.
                   A        B        C        D        E       F      G
               +--------+--------+--------+--------+--------+-----+--------+
         Total |   4414 |   4339 |     75 |    852 |   2823 |   6 |  735.7 |
       Dungeon |   4414 |   4339 |     75 |    852 |   2823 |   6 |  735.7 |
               +--------+--------+--------+--------+--------+-----+--------+

Top non-repeatable levels by time:
     D:1: 1282 daAuts
     D:2: 1025 daAuts
     D:4: 1015 daAuts
     D:3: 654 daAuts
     D:5: 333 daAuts
     D:7: 102 daAuts
